General information
- name: Local Game (DJOrwell)
- type: Custom game
- host: DJOrwell
- saver: DJOrwell
map: SecretValley
- players: 2
- length: 16:31
- speed: Fast
- version: 1.26 W3XP
- replay type: Public
» download(81 KB)
Players
team 1 (loser)
DJOrwell (
red | 57 APM | 938 actions | 16:31)
5 Death Knight
3 Death Coil
2 Unholy Aura
» actions
| Assign group hotkey | 17 | |
| Build / train | 53 | |
| Enter build submenu | 17 | |
| Enter hero's abilities submenu | 5 | |
| Give item / drop item | 2 | |
| Right click | 579 | |
| Select / deselect | 154 | |
| Select group hotkey | 75 | |
| Use ability | 36 | |
938 total
» units
| Acolyte | 4 | |
| Ghoul | 9 | |
| Crypt Fiend | 8 | |
| Gargoyle | 7 | |
28 total
» upgrades
| Unholy Strength | 2 | |
| Creature Attack | 1 | |
| Creature Carapace | 1 | |
| Unholy Armor | 1 | |
| Ghoul Frenzy | 1 | |
| Burrow | 1 | |
7 total
» buildings
| Crypt | 1 | |
| Ziggurat | 7 | |
| Altar of Darkness | 1 | |
| Graveyard | 1 | |
| Nerubian Tower | 1 | |
| Tomb of Relics | 2 | |
| Halls of the Dead | 2 | |
| Spirit Tower | 5 | |
| Black Citadel | 1 | |
21 total
» build order
00:12 Crypt
00:18 Ziggurat
01:05 Altar of Darkness
01:10 Graveyard
01:21 Nerubian Tower
01:51 Ziggurat
02:15 Ziggurat
03:40 Tomb of Relics
03:47 Tomb of Relics
06:23 Ziggurat
06:25 Ziggurat
06:28 Ziggurat
06:30 Ziggurat
06:42 Halls of the Dead
06:42 Halls of the Dead
08:08 Spirit Tower
08:09 Spirit Tower
08:10 Spirit Tower
08:10 Spirit Tower
09:37 Spirit Tower
11:38 Black Citadel
» items
| Staff of Teleportation | 1 | |
| Potion of Healing | 1 | |
| Potion of Mana | 1 | |
3 total
team 2 (winner)
HAL9001 (
green | 67 APM | 1107 actions | 16:31)
3 Paladin
1 Holy Light
1 Devotion Aura
1 Divine Shield
» actions
| Build / train | 47 | |
| Enter build submenu | 19 | |
| Enter hero's abilities submenu | 3 | |
| Remove unit from queue | 2 | |
| Right click | 666 | |
| Select / deselect | 332 | |
| Use ability | 36 | |
1107 total
» units
| Peasant | 11 | |
| Footman | 20 | |
| Mortar Team | 2 | |
33 total
» upgrades
| Defend | 1 | |
| Flare | 1 | |
| Swords | 1 | |
| Plating | 1 | |
4 total
» buildings
| Altar of Kings | 1 | |
| Barracks | 2 | |
| Farm | 5 | |
| Keep | 1 | |
| Scout Tower | 4 | |
| Arcane Tower | 1 | |
| Town Hall | 1 | |
| Blacksmith | 1 | |
| Castle | 1 | |
| Workshop | 1 | |
| Cannon Tower | 1 | |
19 total
» build order
00:09 Altar of Kings
00:14 Barracks
01:05 Barracks
01:53 Farm
02:07 Farm
05:28 Keep
05:49 Farm
06:54 Scout Tower
07:27 Arcane Tower
07:31 Town Hall
08:12 Blacksmith
09:27 Castle
09:35 Workshop
10:55 Scout Tower
11:33 Cannon Tower
12:14 Farm
12:19 Scout Tower
12:22 Scout Tower
15:51 Farm
Chat log
(13:39 / All) DJOrwell: DEATH COIL RULES
(13:54 / All) HAL9001: that paladin thing sucks
(16:21 / All) HAL9001: fire drill
(16:23 / All) HAL9001: fuck
(16:25 / All) DJOrwell: lol
(16:31 / All) HAL9001: deal with this later